 Dungeon Crawl Stone Soup version 0.17-a0-1468-gbf503c2 (webtiles) character file.

92 patman the Bolt Thrower (level 4, -3/37 HPs)
             Began as a Minotaur Hunter on July 1, 2015.
             Killed by nerve-wracking pain
             ... invoked by an orc priest
              (12 damage)
             ... on level 3 of the Dungeon.
             The game lasted 00:03:42 (2167 turns).

patman the Bolt Thrower (Minotaur Hunter)           Turns: 2167, Time: 00:03:42

Health: -3/37      AC:  5    Str: 16    XL:     4   Next: 35%
Magic:  3/3        EV: 12    Int:  8    God:
Gold:   95         SH:  0    Dex: 12    Spells: 0 memorised, 3 levels left

rFire  . . .     SeeInvis .     o - +0 quarterstaff
rCold  . . .     Clarity  .     d - +0 leather armour
rNeg   . . .     SustAt   +     (no shield)
rPois  .         Gourm    .     (helmet restricted)
rElec  .         Spirit   .     m - +0 cloak
rCorr  .         Warding  .     (no gloves)
rMut   .         Stasis   .     s - +0 pair of boots
MR     .....                    (no amulet)
Stlth  +.........               (no ring)
                                t - ring of sustain attributes

@: not resistant to hostile enchantments, very unstealthy
A: retaliatory headbutt, horns 2
a: no special abilities


You were on level 3 of the Dungeon.
You were not hungry.

You visited 1 branch of the dungeon, and saw 3 of its levels.

You collected 95 gold pieces.

Inventory:

Hand weapons
 a - a +1 hand crossbow
 c - a +0 short sword
 k - a +0 flail
 o - a +0 quarterstaff (weapon)
Missiles
 b - 14 bolts
 x - 8 silver bolts
Armour
 d - a +0 leather armour (worn)
 m - a +0 cloak (worn)
 s - a +0 pair of boots (worn)
 y - a +0 ring mail
Jewellery
 t - a ring of sustain attributes (left hand)
Magical devices
 p - a wand of disintegration (16)
Scrolls
 j - 3 scrolls of identify {unknown}
 r - a scroll of remove curse {unknown}
 u - a scroll of fog {unknown}
Potions
 h - 2 potions of cure mutation {unknown}
 i - a potion of cancellation {unknown}
 l - a potion of mutation {unknown}
 n - a potion of lignification {unknown}
 q - 2 potions of agility {unknown}
 v - a potion of heal wounds {unknown}
Comestibles
 e - 2 bread rations
 g - 2 meat rations


   Skills:
 - Level 2.4 Fighting
 - Level 1.3(2.5) Maces & Flails
 * Level 3.4(3.5) Staves
 - Level 5.2 Crossbows
 - Level 2.1 Dodging
 - Level 0.7 Stealth


You had 3 spell levels left.
You didn't know any spells.

Dungeon Overview and Level Annotations

Branches:
Dungeon (3/15)

Altars:
Cheibriados


Innate Abilities, Weirdness & Mutations

You reflexively headbutt those who attack you in melee.
You have a pair of horns on your head.


Message History

You barely miss the orc priest. Your headbutt misses the orc priest.
The orc priest is moderately wounded.
The orc priest misses you. You furiously retaliate!
You headbutt the orc priest, but do no damage.
Unknown command.
You hit the orc priest but do no damage.
You headbutt the orc priest, but do no damage.
The orc priest is moderately wounded.
The orc priest barely misses you.
Unknown command.
You hit the orc priest but do no damage.
Your headbutt misses the orc priest.
The orc priest is moderately wounded.
The orc priest misses you.
Unknown command.
You hit the orc priest but do no damage.
The orc priest is moderately wounded.
The orc priest invokes the aid of Beogh against you.
Pain shoots through your body!
You die...

#......# #.# #......#
#.# ......####.####
..............##########
..............##........
###........[..##........
#.............##........
#.............##.†......
#..............#@...#'#
#...###.......So))..'...
#... #........#)...#.##
# #........#....# #
'........'....'.. #
#........#....#.# #
##'#.##'##....'... #
#.#. #. #....#.## # # ..
<......


You could see an orc priest and an adder.

Vanquished Creatures
  An orc wizard (D:3)
  An adder (D:3)
  2 worms
  A giant gecko (D:3)
  5 orcs (D:3)
  9 bats
  2 goblins
  5 hobgoblins
  2 quokkas
  6 giant cockroaches
  4 giant newts
  2 jackals (D:1)
  6 kobolds
  6 rats
52 creatures vanquished.

Notes
Turn   | Place    | Note
--------------------------------------------------------------
     0 | D:1      | patman the Minotaur Hunter began the quest for the Orb.
     0 | D:1      | Reached XP level 1. HP: 18/18 MP: 0/0
   477 | D:1      | Reached XP level 2. HP: 22/25 MP: 1/1
   710 | D:1      | Reached skill level 5 in Crossbows
   955 | D:2      | Reached skill level 1 in Maces & Flails
  1142 | D:2      | Reached XP level 3. HP: 30/30 MP: 2/2
  1191 | D:2      | Found a snail-covered altar of Cheibriados.
  1462 | D:3      | Reached skill level 1 in Staves
  1941 | D:3      | Reached XP level 4. HP: 9/37 MP: 3/3
  2167 | D:3      | Killed from afar by an orc priest

Vault maps used:
D:1:      eino_arrival_cavern_d, minivault_25, minmay_misc_feat_room
D:2:      nicolae_overflow_hidden_temple, overflow_temple_1_default,
          minmay_stone_trees_small
D:3:      kennysheep_generic_room_2

Action                   |  1- 3 |  4- 6 || total
-------------------------+-------+-------++-------
Melee: Flail             |    17 |       ||    17
       Short sword       |    10 |       ||    10
       Quarterstaff      |    51 |    16 ||    67
 Fire: Hand crossbow     |    35 |     7 ||    42
  Use: Potion            |     1 |     1 ||     2
  Eat: Chunk             |     3 |     1 ||     4
